 Dungeon Sprint DCSS version 0.27-a0-695-gb4952372f7 (webtiles) character file.

Game seed: 7828375537209285355

39207 mhtbhm the Executioner (level 13, -19/208 HPs)
             Began as a Minotaur Fighter on Mar 21, 2021.
             Was the Champion of Trog.
             Demolished by an azure jelly (30 damage)
             ... created by the Royal Jelly
             ... in the Dungeon (Sprint VII: "The Pits").
             The game lasted 00:05:46 (3650 turns).

mhtbhm the Executioner (Minotaur Fighter)           Turns: 3650, Time: 00:05:46

Health: -19/208    AC: 13    Str: 33    XL:     13   Next: 68%
Magic:  12/12      EV: 13    Int:  5    God:    Trog [******]
Gold:   41         SH: 18    Dex: 15    Spells: 12/12 levels left

rFire    . . .     SeeInvis .   a - +10 war axe "Hiumoga" {flame, *Corrode rElec Dex+6 Stlth+}
rCold    . . .     Faith    .   c - +0 kite shield
rNeg     . . .     Spirit   .   b - +4 chain mail
rPois    +         Reflect  .   (helmet restricted)
rElec    +         Harm     .   (no cloak)
rCorr    .         Rampage  .   q - +0 pair of gloves
Will     ++...     NoTele   +   p - +0 pair of boots
Stlth    ..........             (no amulet)
HPRegen  1.44/turn              s - ring of poison resistance
MPRegen  0.13/turn              m - +6 ring of strength

@: berserking (expiring), engulfed (cannot breathe), corroded, regenerating,
very quick
A: horns 2, retaliatory headbutt
a: Renounce Religion, Berserk, Trog's Hand, Brothers in Arms


You were in the Dungeon.
You worshipped Trog.
Trog was exalted by your worship.
You visited 1 branch You collected 41 gold pieces.

Inventory:

Hand Weapons
 a - the +10 war axe "Hiumoga" (weapon) {flame, *Corrode rElec Dex+6 Stlth+}
   (Trog gifted it to you in the Dungeon)

   It has been specially enchanted to burn those struck by it, causing extra
   injury to most foes and up to half again as much damage against particularly
   susceptible opponents.
   Big, fiery blades are also staple armaments of hydra-hunters.
   It affects your dexterity (+6).
   It insulates you from electricity.
   It may corrode you when you take damage.
   It makes you more stealthy.
Armour
 b - a +4 chain mail (worn)
 c - a +0 kite shield (worn)
 p - a +0 pair of boots (worn)
 q - a +0 pair of gloves (worn)
Jewellery
 m - a +6 ring of strength (left hand)
 s - a ring of poison resistance (right hand)
 t - a ring of willpower
Wands
 r - a wand of digging (2)
Scrolls
 j - a scroll of blinking
 l - a scroll of summoning
 v - a scroll of fear
 w - 4 scrolls of enchant weapon
 x - 2 scrolls of identify
 y - 2 scrolls of fog
 A - 2 scrolls of enchant armour
Potions
 d - 3 potions of might
 e - 10 potions of curing
 f - 16 potions of heal wounds
 g - 4 potions of haste
 h - 4 potions of magic
 i - 4 potions of berserk rage
 k - 2 potions of invisibility
 o - a potion of mutation
 u - a potion of attraction
 z - a potion of resistance


   Skills:
 + Level 20.2 Fighting
 + Level 22.1 Axes
 + Level 17.1 Armour
 + Level 8.4 Dodging
 + Level 4.0 Stealth
 + Level 22.0 Shields


You had 12 spell levels left.
You didn't know any spells.
Your spell library was empty.

Dungeon Overview and Level Annotations

Branches:
Dungeon (1/1)

Altars:
Ashenzari
Cheibriados
Dithmenos
Elyvilon
Fedhas
Gozag
Hepliaklqana
Kikubaaqudgha
Makhleb
Nemelex Xobeh
Okawaru
Qazlal
Ru
Sif Muna
Trog
Uskayaw
Vehumet
Wu Jian
Xom
Yredelemnul
Zin
The Shining One
Beogh
Jiyva
Lugonu


Innate Abilities, Weirdness & Mutations

You have a pair of horns on your head.
You reflexively headbutt those who attack you in melee.


Message History

Unknown command.
You chop the rockslime into pieces!!! You burn the rockslime.
You kill the rockslime!
That felt strangely unrewarding.
Unknown command.
You slash the azure jelly! You burn the azure jelly.
You headbutt the azure jelly.
The azure jelly is moderately wounded.
You slash the quicksilver ooze! You burn the quicksilver ooze.
The quicksilver ooze hits you.
The quicksilver ooze engulfs you in water!
The quicksilver ooze hits you but does no damage.
You slash the azure jelly! You burn the azure jelly.
You headbutt the azure jelly!
The azure jelly is severely wounded.
You hit the quicksilver ooze but do no damage.
* * * LOW HITPOINT WARNING * * *
Your lungs strain for air!
You block the azure jelly's attack.
The azure jelly hits you but does no damage.
You block the azure jelly's attack. The azure jelly closely misses you.
You slash the azure jelly! You burn the azure jelly.
You headbutt the azure jelly, but do no damage.
The azure jelly is severely wounded.
You slash the quicksilver ooze! You burn the quicksilver ooze.
* * * LOW HITPOINT WARNING * * *
Your lungs strain for air!
The quicksilver ooze hits you.
* * * LOW HITPOINT WARNING * * *
You block the quicksilver ooze's attack.
Unknown command.
You closely miss the azure jelly. Your headbutt misses the azure jelly.
The azure jelly is severely wounded.
You slash the quicksilver ooze! You burn the quicksilver ooze.
* * * LOW HITPOINT WARNING * * *
Your lungs strain for air!
The azure jelly hits you.
* * * LOW HITPOINT WARNING * * *
The azure jelly freezes you!!
You die...

#+# #.# #J# #@#
#J# #.# #)# #.#
#'#
################'#
..............)..#
..)...........)).#


You could see an azure jelly and a quicksilver ooze.

Vanquished Creatures
  the Royal Jelly (D)
  A royal mummy (D)
  A deep elf blademaster (D)
  2 acid blobs (D)
  An azure jelly (D)
  2 rockslimes (D)
  A deep elf sorcerer (D)
  An ophan (D)
  An eidolon (D)
  2 hydras (D)
  A boulder beetle (D)
  A naga warrior (D)
  A centaur warrior (D)
  3 deep elf knights (D)
  An orc high priest (D)
  3 shadow wraiths (D)
  A sea snake (D)
  A deep troll (D)
  An unseen horror (D)
  A spriggan druid (D)
  3 deep elf zephyrmancers (D)
  A wizard (D)
  2 deep elf pyromancers (D)
  A salamander (D)
  An elephant (D)
  A black mamba (D)
  A naga mage (D)
  A smoke demon (D)
  An eye of devastation (D)
  A gargoyle (D)
  Joseph (D)
  2 orange demons (D)
  A kobold demonologist (D)
  A rime drake (D)
  A hellwing (D)
  A troll (D)
  A polar bear (D)
  Grinder (D)
  A hornet (D)
  5 dream sheep (D)
  A tarantella (D)
  A spriggan (D)
  A redback (D)
  A steam dragon (D)
  6 vampire mosquitoes (D)
  2 nagas (D)
  A soldier ant (D)
  2 wargs (D)
  A black bear (D)
  2 orc warriors (D)
  A sky beast (D)
  An ogre (D)
  A centaur (D)
  4 bullfrogs (D)
  A hound (D)
  An iron imp (D)
  A jelly (D)
  Ijyb (D)
  2 orc wizards (D)
  A gnoll (D)
  2 adders (D)
  A river rat (D)
  A worm (D)
  A leopard gecko (D)
  2 orcs (D)
  A giant cockroach (D)
  3 hobgoblins (D)
  A quokka (D)
  3 bats (D)
  3 goblins (D)
  A kobold (D)
  2 leopard gecko skeletons (D)
  A quokka skeleton (D)
  A rat (D)
110 creatures vanquished.

Vanquished Creatures (collateral kills)
  A naga mage (D)
1 creature vanquished.

Grand Total: 111 creatures vanquished

Notes
Turn   | Place    | Note
-------+----------+-------------------------------------------
     0 | D        | mhtbhm the Minotaur Fighter began the quest for the Orb.
     0 | D        | Reached XP level 1. HP: 19/19 MP: 0/0
    20 | D        | Found a bloodstained altar of Trog.
    20 | D        | Found a shimmering blue altar of Sif Muna.
    20 | D        | Found a viscous altar of Jiyva.
    20 | D        | Found a hazy altar of Hepliaklqana.
    20 | D        | Found an opulent altar of Gozag.
    21 | D        | Found a glowing golden altar of the Shining One.
    21 | D        | Found a glowing silver altar of Zin.
    21 | D        | Found a basalt altar of Yredelemnul.
    21 | D        | Found a shimmering altar of Xom.
    21 | D        | Found an ornate altar of the Wu Jian Council.
    21 | D        | Found a sacrificial altar of Ru.
    21 | D        | Found a stormy altar of Qazlal.
    21 | D        | Found an iron altar of Okawaru.
    21 | D        | Found a sparkling altar of Nemelex Xobeh.
    21 | D        | Found a burning altar of Makhleb.
    21 | D        | Found a blossoming altar of Fedhas.
    21 | D        | Found a white marble altar of Elyvilon.
    21 | D        | Found a shadowy altar of Dithmenos.
    21 | D        | Found a snail-covered altar of Cheibriados.
    23 | D        | Found a radiant altar of Vehumet.
    23 | D        | Found a corrupted altar of Lugonu.
    25 | D        | Became a worshipper of Trog the Wrathful
    77 | D        | Reached * piety under Trog
    78 | D        | Reached XP level 2. HP: 26/28 MP: 1/1
    96 | D        | Reached ** piety under Trog
   157 | D        | Noticed a bullfrog
   157 | D        | Noticed a centaur
   169 | D        | Reached *** piety under Trog
   170 | D        | Killed a bullfrog
   171 | D        | Reached skill level 5 in Armour
   171 | D        | Reached XP level 3. HP: 37/37 MP: 2/2
   171 | D        | Reached XP level 4. HP: 44/44 MP: 3/3
   178 | D        | Killed a centaur
   179 | D        | Reached XP level 5. HP: 36/51 MP: 4/4
   183 | D        | Reached **** piety under Trog
   227 | D        | Noticed a warg
   239 | D        | Killed a warg
   240 | D        | Reached skill level 1 in Dodging
   240 | D        | Reached XP level 6. HP: 31/61 MP: 5/5
   389 | D        | Noticed a kobold demonologist
   394 | D        | Killed a kobold demonologist
   394 | D        | Reached ***** piety under Trog
   395 | D        | Reached skill level 10 in Shields
   395 | D        | Reached XP level 7. HP: 69/69 MP: 6/6
   473 | D        | Noticed a gargoyle
   473 | D        | Noticed a smoke demon
   483 | D        | Killed a smoke demon
   484 | D        | Reached skill level 1 in Stealth
   484 | D        | Reached XP level 8. HP: 63/78 MP: 7/7
   495 | D        | Killed a gargoyle
   544 | D        | Got the +2 war axe of the End {vorpal, rC+ rN+ Will+ Dex+3}
   740 | D        | Found a hide-covered altar of Uskayaw.
   740 | D        | Found an ancient bone altar of Kikubaaqudgha.
   740 | D        | Found a broken altar of Ashenzari.
   772 | D        | Identified the +7 battleaxe of Courage {antimagic, rElec}
                  | (Trog gifted it to you in the Dungeon)
   772 | D        | Received a gift from Trog
   773 | D        | Reached skill level 10 in Fighting
   944 | D        | Reached XP level 9. HP: 86/86 MP: 8/8
   950 | D        | Reached skill level 10 in Armour
   968 | D        | Noticed a naga mage
   968 | D        | Noticed a naga mage
   976 | D        | Killed a naga mage
   977 | D        | Killed a naga mage
   977 | D        | Reached ****** piety under Trog
   977 | D        | Received a gift from Trog
   978 | D        | Reached skill level 15 in Axes
   982 | D        | Killed a shadow wraith
   983 | D        | Reached skill level 15 in Shields
  1055 | D        | Noticed an elephant
  1069 | D        | Killed an elephant
  1070 | D        | Reached XP level 10. HP: 97/97 MP: 9/9
  1084 | D        | Noticed an ophan
  1086 | D        | Noticed a shadow wraith
  1094 | D        | Killed an ophan
  1094 | D        | Identified the +5 great sword of Demeagya {vorpal, rN+
                  | Int+2 Dex-3} (Trog gifted it to you in the Dungeon)
  1094 | D        | Received a gift from Trog
  1099 | D        | Killed a shadow wraith
  1259 | D        | Noticed an orange demon
  1259 | D        | Noticed a deep elf knight
  1259 | D        | Noticed a deep elf zephyrmancer
  1259 | D        | Noticed a deep elf zephyrmancer
  1259 | D        | Noticed a deep elf knight
  1259 | D        | Noticed an eidolon
  1266 | D        | Killed a deep elf zephyrmancer
  1272 | D        | Killed a deep elf knight
  1284 | D        | Killed an eidolon
  1284 | D        | Received a gift from Trog
  1286 | D        | Killed a deep elf zephyrmancer
  1287 | D        | Reached XP level 11. HP: 75/107 MP: 10/10
  1288 | D        | Killed a deep elf knight
  1289 | D        | Reached skill level 5 in Dodging
  1692 | D        | Noticed Ijyb
  1692 | D        | Noticed a sea snake
  1692 | D        | Noticed Joseph
  1695 | D        | Killed Ijyb
  1702 | D        | Killed Joseph
  1704 | D        | Killed a sea snake
  1704 | D        | Received a gift from Trog
  1784 | D        | Noticed an orc high priest
  1784 | D        | Noticed a six-headed hydra
  1793 | D        | Killed an orc high priest
  1794 | D        | Killed an 11-headed hydra
  1794 | D        | Identified the +3 broad axe of Inflation {vorpal, Int+6}
                  | (Trog gifted it to you in the Dungeon)
  1794 | D        | Received a gift from Trog
  2160 | D        | Noticed a spriggan druid
  2171 | D        | Killed a spriggan druid
  2171 | D        | Received a gift from Trog
  2172 | D        | Reached skill level 15 in Fighting
  2278 | D        | Killed a shadow wraith
  2298 | D        | Killed an unseen horror
  2494 | D        | Noticed a boulder beetle
  2499 | D        | Received a gift from Trog
  2503 | D        | Killed a boulder beetle
  2505 | D        | Reached XP level 12. HP: 122/122 MP: 11/11
  2639 | D        | Noticed a centaur warrior
  2643 | D        | Noticed a five-headed hydra
  2649 | D        | Killed an eight-headed hydra
  2650 | D        | Received a gift from Trog
  2657 | D        | Killed a centaur warrior
  2738 | D        | Noticed Grinder
  2738 | D        | Paralysed by Grinder for 7 turns
  2746 | D        | Killed Grinder
  2757 | D        | Identified the +13 dagger of Gehenna {vorpal, Dex+6} (Trog
                  | gifted it to you in the Dungeon)
  2757 | D        | Received a gift from Trog
  2758 | D        | Reached skill level 15 in Armour
  3031 | D        | Noticed a deep elf sorcerer
  3031 | D        | Noticed a naga warrior
  3041 | D        | Received a gift from Trog
  3053 | D        | Killed a deep elf sorcerer
  3056 | D        | Killed a naga warrior
  3056 | D        | Identified the +10 war axe "Hiumoga" {flame, *Corrode rElec
                  | Dex+6 Stlth+} (Trog gifted it to you in the Dungeon)
  3056 | D        | Received a gift from Trog
  3266 | D        | Noticed a royal mummy
  3269 | D        | Noticed an emperor scorpion
  3269 | D        | Noticed an emperor scorpion
  3274 | D        | Killed a royal mummy
  3275 | D        | Reached XP level 13. HP: 54/135 MP: 12/12
  3574 | D        | Noticed a deep elf blademaster
  3580 | D        | Killed a deep elf blademaster
  3623 | D        | Noticed the Royal Jelly
  3624 | D        | Noticed an acid blob
  3626 | D        | Noticed an azure jelly
  3626 | D        | Noticed an azure jelly
  3630 | D        | Killed an acid blob
  3633 | D        | Noticed a rockslime
  3634 | D        | Killed an azure jelly
  3635 | D        | Noticed a rockslime
  3639 | D        | Killed a rockslime
  3640 | D        | Noticed a quicksilver ooze
  3641 | D        | Killed the Royal Jelly
  3641 | D        | Noticed an acid blob
  3645 | D        | Killed an acid blob
  3646 | D        | Killed a rockslime
  3650 | D        | Demolished by an azure jelly

Illustrated notes

Levels and vault maps discovered:
D:        pitsprint [storerooms_1, entrance_room_1, metal_vault_2, armoury_1,
          mini_pit_1, grid_room_1, main_hall_1, silver_pit, the_coven_1,
          the_vestibule_1, steel_vault_4, golden_pit, hallway_of_sentries,
          crystal_vault_1, iron_vault_2, final_vault]

Skill      XL: |  1  2  3  4  5  6  7  8  9 10 11 12 13 |
---------------+----------------------------------------+-----
Fighting       | 4 6 7 8 9 10 11 13 15 18 20 | 20.2
Armour         | 4 5 6 7 8 9 11 12 14 16 17 | 17.1
Shields        | 4 6 7 8 10 12 13 15 17 19 20 22 | 22.0
Axes           | 3 6 7 9 11 13 14 15 17 19 21 22 | 22.1
Dodging        | 1 2 3 4 6 7 8 |  8.4
Stealth        | 1 3 4 |  4.0

Action                   |  1- 3 |  4- 6 |  7- 9 | 10-12 | 13-15 || total
-------------------------+-------+-------+-------+-------+-------++-------
Melee: Hand axe          |    32 |    29 |    46 |       |       ||   107
       Headbutt          |     2 |     2 |    23 |    29 |    12 ||    68
       War axe           |     1 |       |    46 |    67 |    30 ||   144
       Broad axe         |       |       |       |    95 |       ||    95
Invok: Berserk           |     1 |     1 |     2 |     8 |     2 ||    14
       Brothers in Arms  |       |       |     1 |       |       ||     1
       Trog's Hand       |       |       |       |       |     1 ||     1
  Use: Potion            |       |       |       |     1 |       ||     1
Armor: Scale mail        |    13 |       |       |       |       ||    13
       Chain mail        |     7 |     9 |    28 |    77 |    13 ||   134
Dodge: Dodged            |    11 |     4 |    17 |    45 |    11 ||    88
Block: Kite shield       |    22 |    18 |    62 |   103 |    14 ||   219

Table legend: (Time is in decaauts)
 A = Elapsed time spent in this place.
 B = Non-inter-level travel time spent in this place.
 C = Inter-level travel time spent in this place.
 D = Time resting spent in this place.
 E = Time spent auto-exploring this place.
 F = Levels seen in this place.
 G = Mean time per level.
                   A        B        C        D        E       F      G
               +--------+--------+--------+--------+--------+-----+--------+
         Total |   3681 |   3681 |      0 |   2370 |    191 |   1 | 3681.0 |
       Dungeon |   3681 |   3681 |      0 |   2370 |    191 |   1 | 3681.0 |
               +--------+--------+--------+--------+--------+-----+--------+

Top non-repeatable levels by time:
       D: 3681 daAuts
